 Dungeon Crawl Stone Soup version 0.19-a0-684-gf760df0 (webtiles) character file.

1192 Kenran the Firebug (level 8, 0/66 HPs)
             Began as a Grey Draconian Fire Elementalist on June 18, 2016.
             Was an Initiate of Vehumet.
             Slain by an orc warrior
             ... wielding a +0 long sword
              (7 damage)
             ... on level 5 of the Dungeon.
             The game lasted 00:22:59 (6962 turns).

Kenran the Firebug (DrFE)                           Turns: 6962, Time: 00:23:00

Health: 0/66       AC: 14    Str: 11    XL:     8   Next: 20%
Magic:  12/12      EV: 13    Int: 18    God:    Vehumet [......]
Gold:   143        SH:  0    Dex: 11    Spells: 3 memorised, 7 levels left

rFire  . . .     SeeInvis .     j - +4 quarterstaff (chaos)
rCold  . . .     Gourm    .     (armour unavailable)
rNeg   + . .     Faith    .     (shield currently unavailable)
rPois  .         Spirit   .     (helmet restricted)
rElec  .         Dismiss  .     h - +1 cloak
rCorr  .         Reflect  .     v - +0 pair of gloves
SustAt .         Harm     .     (no boots)
MR     .....                    (no amulet)
Stlth  +.........               g - ring of positive energy
                                c - ring of loudness (curse)

@: not resistant to hostile enchantments, very unstealthy
A: walk through water, unfitting armour, unbreathing, cold-blooded, AC +11
a: Renounce Religion


You were on level 5 of the Dungeon.
You worshipped Vehumet.
Vehumet was noncommittal.
You were not hungry.

You visited 1 branch of the dungeon, and saw 6 of its levels.

You collected 233 gold pieces.
You spent 90 gold pieces at shops.

Inventory:

Hand Weapons
 b - a +0 blowgun {@w1}
 j - a +4 quarterstaff of chaos (weapon)
Missiles
 l - 14 poisoned needles
Armour
 h - a +1 cloak (worn)
 v - a +0 pair of gloves (worn)
Magical Staves
 p - an uncursed staff of summoning {!a}
Jewellery
 c - a cursed ring of loudness (left hand)
 g - a ring of positive energy (right hand)
Wands
 a - a wand of digging (5/24)
 f - a wand of heal wounds (0/9) {@v2}
 q - a wand of paralysis (0/24)
 t - a wand of lightning (5/15)
 z - a wand of flame (15/48)
Scrolls
 e - a scroll of enchant weapon
 i - 2 scrolls of remove curse {unknown}
 y - 2 scrolls of identify {@r1}
 A - a scroll of magic mapping {unknown}
 B - a scroll of amnesia
Potions
 k - a potion of cancellation {unknown}
 m - a potion of cure mutation {unknown}
 o - 2 potions of flight {unknown}
 r - 2 potions of invisibility
 u - 3 potions of curing {@q1}
 w - 2 potions of brilliance {unknown}
Books
 d - a book of Flames

   Spells                             Type                      Level
   a - Flame Tongue                   Conjuration/Fire             1
   b - Throw Flame                    Conjuration/Fire             2
   c - Conjure Flame                  Conjuration/Fire             3
   d - Inner Flame                    Hexes/Fire                   3
   e - Sticky Flame                   Conjuration/Fire             4
   f - Fireball                       Conjuration/Fire             5
 s - a book of the Sky

   Spells                             Type                      Level
   a - Summon Lightning Spire         Summoning/Air                4
   b - Airstrike                      Air                          4
   c - Silence                        Hexes/Air                    5
   d - Deflect Missiles               Charms/Air                   6
   e - Conjure Ball Lightning         Conjuration/Air              6
   f - Tornado                        Air                          9
Comestibles
 n - 2 bread rations {@e1}
 x - 2 chunks of flesh


   Skills:
 - Level 4.0 Fighting
 + Level 3.0 Dodging
 - Level 1.7 Stealth
 - Level 3.0 Spellcasting
 - Level 5.0 Conjurations
 - Level 7.0 Fire Magic


You had 7 spell levels left.
You knew the following spells:

 Your Spells              Type           Power        Failure   Level  Hunger
a - Flame Tongue          Conj/Fire      ###..        1%          1    None
b - Throw Flame           Conj/Fire      ###...       1%          2    ##.....
c - Conjure Flame         Conj/Fire      ###.....     4%          3    ###....


Dungeon Overview and Level Annotations

Branches:
Dungeon (6/15)
 Temple: D:4-7

Altars:
Dithmenos
Fedhas
Gozag
Nemelex Xobeh
Pakellas
Qazlal
Ru
Sif Muna
Vehumet
Yredelemnul
Zin


Innate Abilities, Weirdness & Mutations

You can walk through water.
Your dull iron-grey scales are very hard. (AC +11)
Your body does not fit into most forms of armour.
You can survive without breathing.
You are cold-blooded and may be slowed by cold attacks.


Message History

The orc warrior is severely wounded.
The orc warrior barely misses you.
You hit the orc warrior.
The orc warrior seems to speed up.
The orc warrior is severely wounded.
The orc warrior hits you with a long sword!!
The orc warrior hits you but does no damage.
You are too injured to fight recklessly!
Casting: Flame Tongue
Confirm with . or Enter, or press ? or * to list all spells.
Aiming: Flame Tongue
Press: ? - help, Shift-Dir - straight line, f - orc warrior
Aim: an orc warrior, wielding a long sword and wearing a plate armour (severely wounded, fast)
The flame tongue misses the orc warrior.
The orc warrior misses you.
The orc warrior hits you with a long sword!!
* * * LOW HITPOINT WARNING * * *
The orc warrior hits you with a long sword.
* * * LOW HITPOINT WARNING * * *
The orc warrior hits you with a long sword!
You die...

#....................# #....#
#.#################### #....#
#.######### #.......## #....#
#.........# #........####....#
######....# #..........##....#
#....# #.......##.......####
#....# ####.#######.........
#....######.### ##....###<
#.........o@..# #....# #.
###.....####..# #....# ##
#####.####..#### #.####
#..........###.#
###............######
###########........>........#
#...................[..####.##
#........................##.#.
#.............................


You could see an orc warrior.

Vanquished Creatures
  Menkaure (D:5)
  Duvessa (D:3)
  An orc warrior (D:6)
  A sky beast (D:6)
  A centaur (D:5)
  A giant frog (D:6)
  Dowan (D:3)
  A howler monkey (D:3)
  A crimson imp (D:4)
  Crazy Yiuf (D:3)
  3 orc wizards
  A giant frog zombie (D:6)
  An orc priest (D:4)
  An iguana (D:4)
  Jessica (D:3)
  2 worker ants
  Ijyb (D:3)
  3 gnolls (D:3)
  6 adders
  A shadow imp (D:5)
  2 oozes
  An adder skeleton (D:2)
  An adder zombie (D:2)
  3 worms
  4 dart slugs
  5 giant geckos
  11 orcs
  A bat skeleton (D:2)
  A bat zombie (D:2)
  6 giant cockroaches
  7 goblins
  3 hobgoblins
  4 jackals (D:3)
  2 quokkas (D:3)
  5 bats
  A giant cockroach zombie (D:2)
  10 giant newts
  9 kobolds
  10 rats
116 creatures vanquished.

Notes
Turn   | Place    | Note
--------------------------------------------------------------
     0 | D:1      | Kenran the Draconian Fire Elementalist began the quest for the Orb.
     0 | D:1      | Reached XP level 1. HP: 14/14 MP: 3/3
   351 | D:1      | Reached XP level 2. HP: 11/20 MP: 0/5
   701 | D:1      | Reached skill level 4 in Fire Magic
   840 | D:1      | Reached XP level 3. HP: 26/26 MP: 0/6
  1754 | D:2      | Reached XP level 4. HP: 33/33 MP: 3/7
  1949 | D:2      | Found an opulent altar of Gozag.
  1951 | D:2      | Found a basalt altar of Yredelemnul.
  1958 | D:2      | Found a stormy altar of Qazlal.
  1960 | D:2      | Found a blossoming altar of Fedhas.
  1961 | D:2      | Found a shadowy altar of Dithmenos.
  1962 | D:2      | Found a deep blue altar of Sif Muna.
  2310 | D:3      | Noticed Jessica
  2332 | D:3      | Killed Jessica
  2390 | D:3      | Learned a level 2 spell: Throw Flame
  2394 | D:3      | Learned a level 3 spell: Conjure Flame
  2502 | D:3      | Found a sparkling altar of Nemelex Xobeh.
  2795 | D:3      | Reached XP level 5. HP: 38/38 MP: 5/8
  3108 | D:3      | Noticed Ijyb
  3118 | D:3      | Killed Ijyb
  3224 | D:3      | Noticed Crazy Yiuf
  3246 | D:3      | Killed Crazy Yiuf
  3246 | D:3      | Reached skill level 5 in Fire Magic
  3461 | D:4      | Reached XP level 6. HP: 30/45 MP: 0/9
  3646 | D:4      | Noticed Duvessa
  3650 | D:4      | Noticed Dowan
  3982 | D:4      | Found Zin's Purification Station.
  4305 | D:4      | Found a glowing silver altar of Zin.
  4308 | D:4      | Bought a potion of curing for 90 gold pieces
  4702 | D:5      | Entered Level 5 of the Dungeon
  4721 | D:5      | Noticed Menkaure
  5064 | D:5      | Found an oddly glowing altar of Pakellas.
  5625 | D:3      | Killed Dowan
  5644 | D:3      | Killed Duvessa
  5644 | D:3      | Your scales start taking on a dull iron-grey colour.
  5644 | D:3      | Reached XP level 7. HP: 19/50 MP: 8/11
  5644 | D:3      | Gained mutation: You can survive without breathing. [Grey Draconian growth]
  5935 | D:4      | Reached skill level 5 in Conjurations
  6274 | D:5      | Killed Menkaure
  6274 | D:5      | Reached skill level 6 in Fire Magic
  6477 | D:6      | Found a radiant altar of Vehumet.
  6494 | D:6      | Became a worshipper of Vehumet
  6534 | D:6      | Found a sacrificial altar of Ru.
  6654 | D:6      | Reached XP level 8. HP: 66/66 MP: 9/12
  6894 | D:6      | Reached skill level 7 in Fire Magic
  6962 | D:5      | Slain by an orc warrior

Vault maps used:
D:1:      dpeg_arrival_ratfight, minmay_lizard_king
D:2:      minitemple, serial_undead, serial_undead_e, serial_undead_c,
          serial_undead_c, serial_undead_f, serial_undead_e, serial_undead_f
D:3:      nemelex_xobeh_ov_fountains_minmay, first_bread,
          uniq_crazy_yiuf_cottage, uniq_jessica, uniq_iyjb
D:4:      zin_purify, uniq_duvessa
D:5:      lemuel_coloured_pillars_altar, uniq_menkaure
D:6:      nicolae_ru_awakened_eye, vehumet_altar_wand_db

Skill      XL: |  1  2  3  4  5  6  7  8 |
---------------+-------------------------+-----
Fire Magic     | 4 5 6 7 |  7.0
Conjurations   | 3 4 5 |  5.0
Dodging        | 3 |  3.0
Spellcasting   | 3 |  3.0
Fighting       | 3 4 |  4.0
Stealth        | |  1.7

Action                   |  1- 3 |  4- 6 |  7- 9 || total
-------------------------+-------+-------+-------++-------
Melee: Dagger            |    12 |       |       ||    12
       Spear             |    54 |   177 |       ||   231
       Tailslap          |     4 |    12 |     9 ||    25
       Flail             |       |    30 |       ||    30
       Quarterstaff      |       |    17 |    56 ||    73
 Fire: Blowgun           |       |    10 |       ||    10
 Cast: Flame Tongue      |    47 |    86 |    36 ||   169
       Throw Flame       |       |     3 |       ||     3
       Conjure Flame     |       |     1 |     1 ||     2
Evoke: Wand              |       |     6 |     1 ||     7
  Use: Scroll            |       |     8 |     1 ||     9
 Stab: Sleeping          |     1 |       |       ||     1
       Petrifying        |       |       |     1 ||     1
  Eat: Chunk             |     4 |    10 |     2 ||    16
       Meat ration       |       |     1 |       ||     1
       Beef jerky        |       |     1 |       ||     1
Armor: Skin              |    29 |    88 |    21 ||   138
Dodge: Dodged            |    47 |   172 |    38 ||   257
